 Dungeon Crawl Stone Soup version 0.28-a0-984-g3775c662fe (webtiles) character file.

Game seed: 7319494373810504579

788 meatgazer the Distorting Demonspawn (level 7, -2/55 HPs)
             Began as a Demonspawn Abyssal Knight on Dec 3, 2021.
             Was a Believer of Lugonu.
             Slain by Edmund (5 damage)
             ... on level 4 of the Dungeon.
             The game lasted 00:09:50 (8114 turns).

meatgazer the Distorting Demonspawn (DsAK)          Turns: 8114, Time: 00:09:51

Health: -2/55      AC:  9    Str: 18    XL:     7   Next: 56%
Magic:  10/10      EV: 10    Int: 11    God:    Lugonu [**....]
Gold:   78         SH:  7    Dex: 13    Spells: 6/6 levels left

rFire   + . .      SeeInvis .   a - +1 falchion
rCold   + . .      Faith    .   d - +2 buckler {rC+ rF+}
rNeg    + . .      Spirit   .   k - +0 ring mail
rPois   +          Reflect  .   i - +0 helmet
rElec   .          Harm     .   (no cloak)
rCorr   +          Rampage  .   m - +1 pair of gloves
Will    .....                   (no boots)
Stlth   +.........              c - amulet of Vourukko {RegenMP rPois rN+ rCorr Str+2}
HPRegen 0.18/turn               (no ring)
MPRegen 0.52/turn               (no ring)

@: studying Armour
A: hooves 1, demonic magic 1, weakness stinger 1
a: Renounce Religion, Depart the Abyss, Bend Space


You were on level 4 of the Dungeon.
You worshipped Lugonu.
Lugonu was pleased with you.
You visited 1 branch of the dungeon, and saw 5 of its levels.
You visited the Abyss 1 time.

You collected 239 gold pieces.
You spent 161 gold pieces at shops.

Inventory:

Hand Weapons
 a - a +1 falchion (weapon)
Armour
 d - a +2 buckler of resistance (worn)
 i - a +0 helmet (worn)
 k - a +0 ring mail (worn)
 m - a +1 pair of gloves (worn)
Jewellery
 c - the amulet of Vourukko (around neck) {RegenMP rPois rN+ rCorr Str+2}
   (You acquired it on level 1 of the Dungeon)

   [amulet of magic regeneration]

   It increases your rate of magic regeneration.
   Str:       It affects your strength (+2).
   rPois:     It protects you from poison.
   rN:        It protects you from negative energy.
   rCorr:     It protects you from acid and corrosion.
 g - an amulet of faith
Scrolls
 b - a scroll of identify
 f - a scroll of magic mapping
Potions
 e - 3 potions of attraction
 h - 2 potions of curing


   Skills:
 + Level 4.6 Fighting
 + Level 3.7 Long Blades
 + Level 4.1 Armour
 - Level 0.8 Dodging
 - Level 4.2 Shields
 + Level 5.2 Invocations


You had 6 spell levels left.
You didn't know any spells.
Your spell library was empty.

Dungeon Overview and Level Annotations

Branches:
Dungeon (5/15)
 Temple: D:4-7

Altars:
Qazlal

Shops:
D:1 [

Annotations:
D:4 3 runed translucent doors, Edmund; croobank's ghost, amateur DgFi; patchburns1's ghost, amateur MiFi


Innate Abilities, Weirdness & Mutations

You have large cloven feet.
Spells you cast may paralyse adjacent enemies.
You have a small tail.


Message History

Edmund says, "You wouldn't believe how much I paid for this flail."
Edmund hits you with a +2 flail of holy wrath.
You convulse.
You hit Edmund. You kick Edmund.
Edmund is lightly wounded.
Edmund hits you with a +2 flail of holy wrath.
You convulse.
You barely miss Edmund. Your kick misses Edmund. You tail-slap Edmund.
Edmund is lightly wounded.
Edmund hits you with a +2 flail of holy wrath.
You convulse.
Edmund hits you with a +2 flail of holy wrath.
You convulse.
You hit Edmund. You kick Edmund. You tail-slap Edmund, but do no damage.
Edmund is moderately wounded.
Edmund hits you with a +2 flail of holy wrath.
You convulse.
You hit Edmund but do no damage. You kick Edmund.
Edmund is heavily wounded.
Edmund hits you with a +2 flail of holy wrath.
You convulse.
You hit Edmund. You kick Edmund, but do no damage.
Edmund is heavily wounded.
Edmund hits you with a +2 flail of holy wrath.
* * * LOW HITPOINT WARNING * * *
You convulse!
* * * LOW HITPOINT WARNING * * *
You slash Edmund! You kick Edmund.
Edmund is severely wounded.
You block Edmund's attack.
You hit Edmund. Your kick misses Edmund.
Edmund is severely wounded.
You block Edmund's attack.
You barely miss Edmund. You kick Edmund. You tail-slap Edmund.
Edmund is almost dead.
You block Edmund's attack.
You closely miss Edmund. You tail-slap Edmund, but do no damage.
Edmund is almost dead.
Edmund hits you with a +2 flail of holy wrath.
You die...

#..............#......
#....................#
##..#.................#
#..##.................#
##...........#[.......##
.#......g..............[#
.......###........#......
........#.....##@##......
..............#.@.........
.......##.....##...#......
..........##.............
..)............#.........
..).{..........##.#...##
....@.............##...###
............##...........#
..)##.....##..........#..#
....#..........#........###


You could see Edmund.

Vanquished Creatures
  Sigmund (D:4)
  Duvessa (D:4)
  An ogre (D:3)
  A phantom (D:3)
  A scorpion (D:4)
  A water moccasin skeleton (D:4)
  Dowan (D:4)
  2 orc wizards (D:4)
  Robin (D:3)
  4 adders
  A shadow imp (D:3)
  An adder skeleton (D:4)
  A dart slug (D:1)
  10 orcs
  7 endoplasms
  A giant cockroach (D:4)
  14 goblins
  9 hobgoblins
  11 jackals
  8 kobolds
  6 quokkas
  3 ball pythons
  4 bats
  4 frilled lizards
  6 rats
100 creatures vanquished.

Notes
Turn   | Place    | Note
-------+----------+-------------------------------------------
     0 | Abyss:1  | meatgazer the Demonspawn Abyssal Knight began the quest for
                  | the Orb.
     0 | Abyss:1  | Reached XP level 1. HP: 18/18 MP: 2/2
    61 | Abyss:3  | Noticed a raiju
    61 | Abyss:3  | Noticed a raiju
    62 | Abyss:3  | Identified 3 scrolls of acquirement
    62 | Abyss:3  | Acquired a +0 cloak of preservation
    62 | Abyss:3  | Noticed a raiju
    63 | D:1      | Escaped the Abyss
    64 | D:1      | Acquired a +2 buckler of resistance
    66 | D:1      | Acquired the amulet of Vourukko {RegenMP rPois rN+ rCorr
                  | Str+2}
   369 | D:1      | Found Uriav's Armour Shop.
   500 | D:1      | Discovered your monstrous ancestry.
   500 | D:1      | Gained mutation: You have large cloven feet. [demonic
                  | ancestry]
   500 | D:1      | Reached XP level 2. HP: 21/24 MP: 4/4
   517 | D:1      | Reached * piety under Lugonu
   574 | D:1      | Reached skill level 1 in Shields
   970 | D:1      | Found a faded altar of an unknown god.
   974 | D:1      | Reached skill level 3 in Invocations
   975 | D:1      | Reached XP level 3. HP: 26/29 MP: 5/5
  1208 | D:1      | Acquired a manual of Armour
  1926 | D:3      | Reached XP level 4. HP: 30/35 MP: 6/6
  2221 | D:3      | Found a stormy altar of Qazlal.
  2418 | D:3      | Reached ** piety under Lugonu
  3457 | D:4      | Noticed a scorpion
  3555 | D:4      | Gained mutation: Spells you cast may paralyse adjacent
                  | enemies. [demonic ancestry]
  3555 | D:4      | Reached XP level 5. HP: 10/41 MP: 7/7
  3816 | D:1      | Bought a +1 pair of gloves for 161 gold pieces
  4740 | D:4      | Found a runed translucent gate.
  4741 | D:4      | Found a runed translucent gate.
  4742 | D:4      | Found a runed translucent gate.
  4784 | D:4      | Noticed a phantom
  4785 | D:4      | Noticed an ogre
  4786 | D:4      | Noticed Dowan
  4786 | D:4      | Noticed Duvessa
  4827 | D:3      | Killed a phantom
  4828 | D:3      | Reached skill level 4 in Invocations
  4828 | D:3      | Reached XP level 6. HP: 15/48 MP: 7/9
  6249 | D:4      | Killed Duvessa
  6250 | D:4      | Gained mutation: You have a small tail. [demonic ancestry]
  6250 | D:4      | Reached XP level 7. HP: 18/54 MP: 10/10
  6563 | D:4      | Killed Dowan
  6590 | D:4      | Noticed Sigmund
  6595 | D:5      | Entered Level 5 of the Dungeon
  6845 | D:4      | Killed Sigmund
  6846 | D:4      | Reached skill level 5 in Invocations
  7052 | D:4      | Noticed Robin
  7384 | D:3      | Killed Robin
  7767 | D:4      | Noticed Edmund
  7782 | D:4      | Noticed croobank's ghost (amateur DgFi)
  7782 | D:4      | Noticed patchburns1's ghost (amateur MiFi)
  8110 | D:4      | HP: 2/55 [Edmund (9)]
  8114 | D:4      | Slain by Edmund

Illustrated notes

Levels and vault maps discovered:
D:1:      dpeg_arrival_round_a, layout_basic,
          hellmonk_ecumenical_altar_dog_temple, serial_shops,
          nicolae_shop_advertising_works [nicolae_subvault_shop_adworks],
          minmay_misc_feat_ornament, st_stairs_3
D:2:      layout_basic
D:3:      layout_basic, grunt_qazlal_clouds
D:4:      layout_cave_pools, gammafunk_ghost_cemetery, uniq_sigmund,
          uniq_duvessa, uniq_edmund, uniq_robin
D:5:      minmay_recursive_quarters, layout_basic, minmay_holes

Skill      XL: |  1  2  3  4  5  6  7 |
---------------+----------------------+-----
Long Blades    | 2 3 |  3.7
Shields        | 1 2 3 4 |  4.2
Invocations    | 3 4 5 |  5.2
Armour         | 2 3 4 |  4.1
Fighting       | 4 |  4.6
Dodging        | |  0.8

Action                   |  1- 3 |  4- 6 |  7- 9 || total
-------------------------+-------+-------+-------++-------
Melee: Falchion          |    96 |   187 |    80 ||   363
       Kick              |    15 |    53 |    26 ||    94
       Tailslap          |       |       |    12 ||    12
Invok: Depart the Abyss  |     1 |       |       ||     1
  Use: Scroll            |    10 |     2 |     1 ||    13
       Potion            |       |     4 |       ||     4
Armor: Leather armour    |    22 |    11 |       ||    33
       Ring mail         |       |    65 |    72 ||   137
Dodge: Dodged            |    70 |   123 |    51 ||   244
Block: Buckler           |       |    19 |    56 ||    75

Table legend: (Time is in decaauts)
 A = Elapsed time spent in this place.
 B = Non-inter-level travel time spent in this place.
 C = Inter-level travel time spent in this place.
 D = Time resting spent in this place.
 E = Time spent auto-exploring this place.
 F = Levels seen in this place.
 G = Mean time per level.
                   A        B        C        D        E       F      G
               +--------+--------+--------+--------+--------+-----+--------+
         Total |   8150 |   7820 |    330 |   4251 |   2512 |   8 | 1018.8 |
       Dungeon |   8087 |   7757 |    330 |   4251 |   2475 |   5 | 1617.4 |
         Abyss |     62 |     62 |      0 |      0 |     37 |   3 |   20.7 |
               +--------+--------+--------+--------+--------+-----+--------+

Top non-repeatable levels by time:
     D:3: 4240 daAuts
     D:4: 1614 daAuts
     D:1: 1413 daAuts
     D:2: 669 daAuts
     D:5: 150 daAuts
 Abyss:1: 40 daAuts
 Abyss:3: 19 daAuts
 Abyss:2: 2 daAuts
